Map: Abyssal Reef LE

Players

KimJongUn

  • Race: Terran Terran
  • League: Grandmaster
  • Spawn Location: 11:00

PvP - Winner!

  • Race: Protoss Protoss
  • League: Master
  • Spawn Location: 5:00

VOD

Have the link to the VOD?

Description

Time

  • Played on: Jan. 18, 2018, 6:23 p.m.
  • Length: 8:18
Show
View Real Time Build Order
Export as new Build Order

KimJongUn Terran 

Build Orders: Reaper Expand, MMM Bio 

Get SALT Encoding   

  12  0:01  SCV  
  13  0:13  SCV  
  14  0:18  Supply Depot  
  14  0:25  SCV  
  15  0:32  Refinery  
  15  0:39  SCV  
  16  0:44  Barracks  
  16  0:51  SCV  
  17  1:03  SCV  
  18  1:15  SCV  
  19  1:33  Orbital Command, Reaper  
  20  1:45  Command Center  
  20  1:55  Factory  
  20  1:59  SCV  
  21  2:04  Refinery  
  21  2:09  Barracks Reactor  
  21  2:11  SCV  
  22  2:19  Supply Depot  
  22  2:23  SCV  
  23  2:41  SCV  
  23  2:42  Hellion  
  26  2:49  Marine x2  
  28  2:54  Starport  
  28  2:55  SCV  
  28  2:57  Orbital Command  
  29  3:07  Marine x2  
  29  3:08  Widow Mine  
  29  3:11  SCV  
  33  3:23  SCV  
  34  3:29  Marine x2  
  34  3:30  Medivac  
  34  3:31  Widow Mine  
  40  3:35  SCV  
  41  3:43  SCV  
  40  3:49  SCV  
  40  3:54  Command Center  
  41  3:55  Factory Tech Lab  
  41  4:01  SCV  
  45  4:07  Viking  
  45  4:09  Supply Depot  
  46  4:12  SCV  
  46  4:13  SCV  
  46  4:19  Engineering Bay  
  46  4:29  Supply Depot  
  46  4:30  Siege Tank, Marine x2, SCV x2  
  53  4:42  Starport Reactor  
  53  4:43  SCV  
  54  4:50  SCV  
  55  4:55  SCV  
  58  5:02  SCV  
  58  5:06  Refinery  
  58  5:07  SCV  
  58  5:12  Barracks  
  58  5:13  Factory Reactor, Barracks x3  
  58  5:14  SCV  
  58  5:15  Marine, Refinery  
  58  5:16  Stimpack  
  58  5:19  SCV  
  61  5:25  Orbital Command  
  61  5:26  SCV  
  62  5:30  Bunker  
  62  5:31  SCV  
  62  5:34  Terran Infantry Weapons Level 1  
  63  5:36  Marine  
  63  5:39  SCV  
  63  5:41  Medivac  
  63  5:42  Medivac  
  69  5:43  SCV  
  70  5:51  SCV  
  70  5:54  Marine  
  70  5:55  SCV, Missile Turret  
  73  6:02  Barracks Tech Lab  
  73  6:03  Orbital Command, Barracks Tech Lab  
  73  6:04  Factory Reactor, Marine x2  
  73  6:06  Marine x2  
  73  6:11  Liberator  
  77  6:24  Supply Depot x2  
  77  6:28  Marauder, Marine, Medivac  
  77  6:30  Supply Depot  
  77  6:32  Supply Depot  
  85  6:42  Combat Shields  
  85  6:43  Concussive Shells  
  85  6:45  SCV x2  
  85  6:46  Marauder x2, Widow Mine x2, Marine x2, SCV, Liberator  
  98  6:51  Supply Depot  
  98  6:52  Supply Depot  
  98  6:58  Armory, SCV x3  
  101  7:02  Engineering Bay  
  97  7:10  SCV  
  97  7:12  Marauder, Marine x2  
  97  7:13  Marine  
  93  7:16  Marine  
  93  7:21  Marine  
  93  7:22  Marauder  
  83  7:30  Marine x2  
  83  7:31  Marine  
  83  7:33  Marine  
  83  7:34  Marine  
  67  7:39  Marine  
  67  7:41  Orbital Command  
  67  7:43  Marine  
  55  7:48  Marine x2  
  55  7:54  Marauder, Marine  
Show
View Real Time Build Order
Export as new Build Order

PvP Protoss - Winner!

Build Orders: 1 Gate Expand 

Get SALT Encoding   

  12  0:00  Probe  
  13  0:13  Probe  
  14  0:18  Pylon  
  14  0:25  Probe  
  15  0:37  Probe (Chrono Boost)  
  15  0:38  Gateway  
  16  0:48  Probe (Chrono Boost)  
  16  0:49  Assimilator  
  17  0:53  Probe (Chrono Boost)  
  18  1:03  Probe  
  19  1:23  Nexus  
  19  1:33  Cybernetics Core  
  19  1:38  Probe  
  20  1:42  Assimilator  
  20  1:51  Probe  
  21  1:57  Pylon  
  21  2:04  Probe  
  22  2:12  Warp Gate  
  22  2:13  Adept (Chrono Boost)  
  24  2:16  Probe  
  25  2:28  Probe  
  26  2:38  Robotics Facility  
  26  2:43  Probe  
  28  2:44  Probe  
  28  2:47  Adept  
  30  2:55  Probe  
  30  2:56  Probe  
  32  3:07  Probe  
  32  3:08  Probe  
  34  3:19  Probe  
  35  3:20  Probe  
  35  3:22  Gateway x2  
  36  3:30  Observer (Chrono Boost)  
  36  3:31  Probe  
  36  3:32  Probe  
  38  3:48  Probe x2  
  38  3:50  Immortal  
  45  3:57  Pylon  
  45  4:05  Forge  
  45  4:06  Twilight Council  
  45  4:07  Probe (Chrono Boost)  
  46  4:11  Pylon  
  46  4:15  Probe (Chrono Boost)  
  47  4:23  Pylon  
  47  4:24  Probe x2 (Chrono Boost)  
  47  4:25  Sentry  
  47  4:28  Stalker  
  47  4:29  Stalker  
  53  4:31  Probe  
  53  4:35  Warp Prism (Chrono Boost)  
  55  4:57  Adept  
  57  5:09  Resonating Glaives  
  57  5:11  Nexus  
  57  5:15  Assimilator  
  57  5:19  Protoss Ground Weapons Level 1 (Chrono Boost)  
  57  5:32  Probe  
  57  5:34  Probe  
  57  5:35  Gateway  
  59  5:36  Gateway  
  59  5:39  Gateway  
  59  5:44  Gateway  
  59  5:48  Probe x2  
  61  6:00  Pylon, Probe  
  61  6:02  Pylon  
  62  6:09  Sentry  
  62  6:10  Adept x2  
  68  6:33  Adept x4  
  68  6:34  Adept  
  78  6:44  Adept x2  
  82  6:49  Pylon x2  
  82  6:54  Adept x5  
  88  7:13  Adept x2  
  88  7:14  Adept x4  
  66  7:48  Adept x7  
  74  8:09  Stalker x2  
  74  8:10  Stalker x3  
  80  8:14  Adept x2  
Tags
 
Add a new tag
Caveats
  • Supply blocks, unpowered buildings, or Contaminate may cause inaccurate times.
  • Supply counts are checked every 10 seconds.